Cogmind - Beta 14 @@@ ROGUE MODE // 2024.09.11 @ 18:00:29 Player: Maienne du Crabe Result: Destroyed by G-34 Mercenary with Small Laser Performance ------------- Evolutions (0) 0 Regions Visited (1) 200 Robots Destroyed (18) 90 Value Destroyed (459) 459 Prototype IDs (0) 0 Alien Tech Used (0) 0 Bonus (0) 0 TOTAL SCORE: 749 Bonus ------- None Cogmind --------- Core Integrity 0/250 Matter 219/400 Energy 160/160 System Corruption 0% Temperature Cool (19) Movement Walking (120) Location -10/Materials Parts ------- > --- POWER (1) -------- Light Nuclear Core > --- PROPULSION (2) --- Aluminum Leg Aluminum Leg > --- UTILITY (2) ------ Medium Matter Pod Targeting Computer > --- WEAPON (2) ------- Datajack > --- INVENTORY (5) ---- Ion Engine Light Ion Engine Improved Heat Sink Light Assault Rifle Light Assault Rifle Peak State ------------ > --- POWER ------------ Light Nuclear Core > --- PROPULSION ------- Aluminum Leg Aluminum Leg > --- UTILITY ---------- Medium Matter Pod Targeting Computer > --- WEAPON ----------- Particle Gun Light Assault Rifle > --- INVENTORY -------- Ion Engine Light Ion Engine Improved Heat Sink Light Assault Rifle [Rating: 10] Favorites ----------- Power Ion Engine Engine Ion Engine Power Core Light Nuclear Core Propulsion Wheel Leg Aluminum Leg Wheel Wheel Flight Unit Flight Unit Utility Targeting Computer Device Tractor Beam Storage Medium Matter Pod Processor Targeting Computer Weapon Assault Rifle Energy Gun Particle Gun Ballistic Gun Assault Rifle Special Melee Weapon Datajack Build | -11 -10 ------- Run | Yrd Mat Slots Evolved . | . . Power . | . . Propulsion . | . . Utility . | . . Weapon . | . . Parts Attached 27 | 7 20 Power 5 | 1 4 Engine 4 | 1 3 Core 1 | . 1 Reactor . | . . Propulsion 12 | 2 10 Treads . | . . Leg 4 | . 4 Wheel 7 | 2 5 Hover . | . . Flight 1 | . 1 Utility 3 | 1 2 Device 1 | 1 . Storage 1 | . 1 Processor 1 | . 1 Hackware . | . . Protection . | . . Artifact . | . . Weapon 7 | 3 4 Energy Gun 2 | 1 1 Energy Cannon . | . . Ballistic Gun 4 | 2 2 Ballistic Cannon . | . . Launcher . | . . Special Weapon . | . . Impact Weapon . | . . Slashing Weapon . | . . Piercing Weapon . | . . Special Melee Weapon 1 | . 1 Unidentified Prototypes . | . . Parts Lost 8 | . 8 Power 1 | . 1 Propulsion 3 | . 3 Utility 1 | . 1 Weapon 3 | . 3 Highest Loss Streak 4 | . 4 To Critical Strikes . | . . Average Slot Usage (%) 90 | . 90 Engine 11 | . 11 Core 2 | . 2 Leg 9 | . 9 Wheel 12 | . 12 Flight 2 | . 2 Device 4 | . 4 Storage 6 | . 6 Processor 13 | . 13 Energy Gun 2 | . 2 Ballistic Gun 21 | . 21 Special Melee Weapon 1 | . 1 Peak Build Rating 10 | 6 10 Average Rating 6 | 4 6 On Entrance 3 | . 6 Naked Turns . | . . Heaviest Build 11 | 8 11 Greatest Support 26 | 20 26 Greatest Overweight (x) 3 | . 3 Average Overweight (x) . | . . Largest Inventory Capacity 5 | 5 5 Average Capacity 5 | 5 5 Most Carried 5 | 2 5 Average Carried 2 | . 2 Final Capacity 5 | 5 5 Final Carried 5 | 1 5 Class Distribution -------------------- 69% | Mutant 30% | Scavenger-Mutant Dominant Class ---------------- Mutant | -10/Materials Resources | -11 -10 ----------- Run | Yrd Mat Matter Collected 706 | 288 418 Remotely 295 | 96 199 Salvage Created 769 | 69 700 Parts 35 | 3 32 Haulers Intercepted . | . . Recyclers Shooed 3 | . 3 Parts Field Recycled . | . . Retrieved Matter . | . . Parts Self-Destructed . | . . Prevented . | . . Kills | -11 -10 ------- Run | Yrd Mat Combat Hostiles Destroyed 11 | . 11 Guns 11 | . 11 Classes Destroyed 5 | 1 4 Worker 2 | . 2 Recycler 3 | 1 2 Mechanic 1 | . 1 Watcher 1 | . 1 Grunt 11 | . 11 Best Kill Streak 4 | 1 4 Combat Bots Only 3 | . 3 Max Kills in Single Turn 1 | 1 1 Gunslinging . | . . Exploded . | . . Melee . | . . Uniques/NPCs Destroyed . | . . Combat | -11 -10 -------- Run | Yrd Mat Hostile Shots Fired 107 | . 107 Missed 31 | . 31 Damage Taken 1001 | . 1001 Core 259 | . 259 Absorbed by Shields . | . . Core Remaining (%) 100 | 100 . Volleys Fired 95 | 3 92 Largest 2 | 2 2 Hottest 85 | 40 85 Shots Fired 160 | 6 154 Gun 160 | 6 154 Cannon . | . . Launcher . | . . Special . | . . Kinetic 137 | 6 131 Thermal 23 | . 23 Explosive . | . . Electromagnetic . | . . Robot Hit Streak 18 | 3 18 Robot Miss Streak 4 | 1 4 Penetration Max . | . . Secondary Targets 1 | . 1 Max Gunslinging Chain 1 | . 1 Shots Hit Robots 108 | 5 103 Core Hits 35 | 2 33 Critical Kills . | . . Critical Parts Destroyed 1 | . 1 Critical Strikes 2 | . 2 Burn 1 | . 1 Destroy 1 | . 1 Melee Attacks 3 | . 3 Impact . | . . Slashing . | . . Piercing . | . . Sneak Attacks . | . . Combat Hostiles . | . . Follow-up Attacks . | . . Damage Inflicted 1373 | 65 1308 Guns 1373 | 65 1308 Cannons . | . . Explosions . | . . Melee . | . . Ramming . | . . Kinetic 1185 | 65 1120 Thermal 188 | . 188 Explosive . | . . Electromagnetic . | . . Impact . | . . Slashing . | . . Piercing . | . . Highest Corruption . | . . Average Corruption . | . . Corruption Purged . | . . Corruption Blocked . | . . Overload Shots . | . . Overflow Damage . | . . Projectiles . | . . Explosions . | . . Melee . | . . Knockbacks . | . . Impact . | . . Kinetic . | . . Secondary . | . . Self-Inflicted Damage . | . . Shots . | . . Rammed . | . . Targets Rammed . | . . Kicked . | . . Crushed . | . . Highest Temperature 318 | . 318 Average Temperature 100 | . 100 Received Heat Transfer 606 | . 606 Effects 2 | . 2 Energy Bleed 1 | . 1 Matter Decay 1 | . 1 Siege Activations . | . . Robots Corrupted . | . . Combat Hostiles . | . . Parts Fried . | . . Impact Corruptions . | . . Robots Melted . | . . Combat Hostiles . | . . Parts Melted . | . . Heat Transferred 518 | . 518 Parts Sabotaged . | . . Parts Stolen . | . . Parts Stripped . | . . Power Chain Reactions . | . . Alert | -11 -10 ------- Run | Yrd Mat Peak Influence 215 | 5 215 Initial 3 | . 3 Average 93 | 1 101 Maximum Alert Level 1 | . 1 Low Security (%) 96 | 100 95 Level 1 3 | . 4 Level 2 . | . . Level 3 . | . . Level 4 . | . . Level 5 . | . . High Security . | . . Max Security . | . . Squads Dispatched 3 | . 3 Investigation 1 | . 1 Extermination . | . . Reinforcement 2 | . 2 Assault . | . . Garrison . | . . Intercept . | . . Searches Triggered . | . . Construction Impeded . | . . Haulers Reinforced . | . . Active Scanning Responses . | . . Cargo Convoy Interrupts . | . . Stealth | -11 -10 --------- Run | Yrd Mat Distress Signals 5 | . 5 Communications Jammed . | . . Distress Signals . | . . Times Spotted 32 | . 32 Peak Tracking Total 5 | . 5 Tactical Retreats 5 | . 5 Traps | -11 -10 ------- Run | Yrd Mat Traps Triggered . | . . Indirectly . | . . Trap Hack Attempts . | . . Triggered . | . . Disarmed . | . . Reprogrammed . | . . Reused . | . . Traps Extracted . | . . Installed . | . . Triggered . | . . Machines | -11 -10 ---------- Run | Yrd Mat Machines Disabled 1 | . 1 Max in Single Turn 1 | . 1 Machines Repaired . | . . Machines Dismantled . | . . Machines Sabotaged . | . . Overloaded Fab Kills . | . . Hacking | -11 -10 --------- Run | Yrd Mat Machines Accessed 3 | . 3 Terminals 2 | . 2 Fabricators . | . . Repair Stations . | . . Recycling Units 1 | . 1 Scanalyzers . | . . Garrison Access . | . . Total Hacks 6 | . 6 Successful 4 | . 4 Failed 2 | . 2 Catastrophic . | . . Database Lockouts . | . . Manual . | . . Terminals 5 | . 5 Fabricators . | . . Repair Stations . | . . Recycling Units 1 | . 1 Scanalyzers . | . . Garrison Access . | . . Terminal Hacks 3 | . 3 Emergency Access Points 1 | . 1 Alert Level 1 | . 1 Dispatch Records 1 | . 1 Fabricator Hacks . | . . Repair Station Hacks . | . . Recycling Unit Hacks 1 | . 1 Report Inventory 1 | . 1 Scanalyzer . | . . Garrison Access Hacks . | . . Unauthorized Hacks . | . . Terminals . | . . Fabricators . | . . Repair Stations . | . . Recycling Units . | . . Scanalyzers . | . . Garrison Access . | . . Data Cores Recovered . | . . Used . | . . Hacking Detections 1 | . 1 Full Trace Events 1 | . 1 Feedback Events . | . . Feedback Blocked . | . . Robot Schematics Acquired . | . . Robots Built . | . . Authchips . | . . Time . | . . Total Robot Build Rating . | . . Part Schematics Acquired . | . . Parts Built . | . . Authchips . | . . Time . | . . Total Part Build Rating . | . . Parts Repaired . | . . Time . | . . Parts Recycled . | . . Recycled Matter . | . . Retrieved Matter . | . . Retrieved Components . | . . Parts Scanalyzed . | . . Part Schematics Acquired . | . . Parts Damaged . | . . Bothacking | -11 -10 ------------ Run | Yrd Mat Used RIF Installer . | . . Robots Hacked 1 | . 1 Non-combat . | . . Combat 1 | . 1 Robot Hacks Applied 1 | . 1 parse_system 1 | . 1 Relay Couplers Released . | . . Fabnet Peak Effective % . | . . Robots Rewired . | . . Allies Hacked . | . . Hacks Repelled . | . . Allies | -11 -10 -------- Run | Yrd Mat Total Allies . | . . Largest Group . | . . Highest-Rated Group . | . . Highest-Rated Ally . | . . Total Orders . | . . Ally Attacks . | . . Total Damage . | . . Kills . | . . Allies Corrupted . | . . Allies Melted . | . . Intel | -11 -10 ------- Run | Yrd Mat Robot Analysis Total . | . . Derelict Logs Recovered . | . . Drone Launches . | . . Drone Recoveries . | . . Exploration | -11 -10 ------------- Run | Yrd Mat Turns Passed 647 | 49 598 Spaces Moved 301 | 36 265 Core 13 | 2 11 Treads . | . . Legs 75 | . 75 Wheels 213 | 34 179 Hover . | . . Flight . | . . Fastest Speed 50 | 50 80 Average Speed 96 | 78 99 Slowest Speed 200 | 80 200 Overloaded Moves . | . . Propulsion Burnouts . | . . Robots Hopped . | . . Cave-ins Triggered . | . . Exploration Rate (%) 22 | 3 41 Regions Visited 1 Branch Regions . Pre-discovered Areas . | . . Known Exits Taken . | . . Unknown Exits Taken 1 | 1 . Scrap Searched . | . . Spaces Dug . | . . Terrain Destroyed . | . . Melee . | . . Projectile . | . . AOE . | . . Terrain Rammed . | . . Walls Destroyed . | . . Machines Disabled . | . . Actions | -11 -10 --------- Run | Yrd Mat Total 494 | 48 446 Wait 45 | . 45 Move 300 | 35 265 Hop . | . . Pick Up 11 | 2 9 Fast Attach 13 | 6 7 Attach 8 | 1 7 Detach 3 | . 3 Swap 6 | . 6 Drop 10 | 1 9 Fire 95 | 3 92 Melee 3 | . 3 Ram . | . . Kick . | . . Crush . | . . Escape Stasis . | . . Rewire . | . . Trap . | . . Miscellaneous . | . . Route ------- -11/Scrapyard -10/Materials (discovered 1 exit: [*Mat]) History --------- Turn | Location | Event 12 | -11/Scrapyard | Discovered new exit (range 15) 50 | -11/Scrapyard | Entered Materials 311 | -10/Materials | Build established: Mutant 432 | -10/Materials | Core integrity fell below 50% 466 | -10/Materials | Lost 4 parts (1p2n1w) 559 | -10/Materials | Core integrity fell below 20% 634 | -10/Materials | Discovered new exit (range 15) 648 | -10/Materials | Destroyed by G-34 Mercenary with Small Laser Last Messages --------------- 00533_ G-34 Mercenary suffers critical hit (Burn). 00541_ G-34 Mercenary heat damages Sml. Laser. 00542_ G-34 Mercenary heat short circuits Aluminum Leg. 00544_ Overheating: Energy bleed (-25). 00545_ Assault Rifle destroyed. 00547_ Overheating: Matter decay (-46). 00549_ Acquired 45 matter. 00560_ G-34 Mercenary destroyed. 00565_ Acquired 35 matter. 00577_ Acquired Datajack. 00624_ G-34 Mercenary destroyed. 00628_ Material Compactor disabled. 00631_ ALERT: Hostiles spotted, dispatching reinforcements to Terminal M004. 00632_ Particle Gun destroyed. 00634_ EXIT=FOUND 00640_ Dropped Aluminum Leg. 00647_ Jacked G-47 Trooper... >>parse_system Reading system data... Map ----- +----------------------------------------------------+ | | | | | | | | | | | | | | | ?????????????????????????????????????????????????? | | ?????????????????????????????????????????????????? | | ?????????????????????????????????????????????????? | | ?????????????????????????????????????????????????? | | ?????????????????????????????????????????????????? | | ?????????????????????????????????????????????????? | | ?????????????????????????????????????????????????? | | ???????????????????????????????#?????????????????? | | ????????????????????????????? #?????????????????? | | ?????????????????????????????< #?????????????????? | | ????????????????????????????? #?????????????????? | | ???????????????????????????? +?????????????????? | | ???????????????????????????? #?????????????????? | | ???????????????????????????? #?????????????????? | | ???????????????#############gg ##?+??????????????? | | ???????????????u #? ??????????????? | | ?????????????? ? u #? ??????????????? | | ????????????? ? """ #? #?????????????? | | ????????????# """""g@ ## #?????????????? | | ????????????# """""= ## #?????????????? | | ????????????# """"" ##### ###???????????? | | ????????????#!! "" #?# #???????????? | | ????????????#! ### #???????????? | | ????????????# +???????????? | | ????????????# ###### #???????????? | | ????????????+ #????? #???????????? | | ????????????# #?????# ##???????????? | | ????????????# ###+###+###???# #????????????? | | ????????????# # ! ##### #????????????? | | ????????????# # + ########?????? | | ????????????# / ! ##### # #?????? | | ????????????# ## #???# # """ #?????? | | ????????????#?????# """ """ #???# # """ #?????? | | ??????????????????# """ """ #???# + """ #?????? | | ??????????????????# """ """ #???# # #?????? | | ??????????????????# #???# # #?????? | | ??????????????????###########???# ########?????? | | ???????????????????????????###### #????????????? | | ??????????????????????"" # ############?? | | ??????????????????????"" + +* #?? | | ??????????????????????"" # ## #?? | | ???????????????????????????##### #[ *### | | ???????????????????????????????# # / | +----------------------------------------------------+ Best States ------------- Heat Dissipation 25 Energy Generation 14 Energy Capacity 250 Matter Stores 381 Matter Capacity 400 Sight Range 16 Terrain Scan Density 10 Evasion (%) 55 Targeting Accuracy 5 Item Schematics ----------------- None Robot Schematics ------------------ None Fabricated ------------ Nothing Alien Tech Used ----------------- None Achievements -------------- None Challenges ------------ None Game ------ Seed DecoyGuidancePit Manual? 0 Play Time 00:11:20 Cumulative 5.1 hours Start 2024.09.11 @ 17:49:32 End 2024.09.11 @ 18:00:29 Sessions 1 Manual Loads 0 Difficulty Rogue Special Mode None Game No. 9 Rogue 9 Adventurer 0 Explorer 0 Win Type - Total 0 Types 0/0/0/0/0/0/0/0/0 Lore% 1 Gallery% 12 Achievement% 12 Wizard Run 0 Options --------- Layout 0 ASCII 0 Keyboard 0 Movement Mouse Keybinds 0 Fullscreen 1 Font 18/X11 Map View 38x25 Zoom Use 100% Tactical HUD 1 Map Filters NONE Filters NONE Steam 1 RUN: 35c0b680-b12e-4b9c-b3ab-52683d6e2a28